 Dungeon Crawl Stone Soup version 0.25.0-9-g26727b657a (webtiles) character file.

Game seed: 5631765240202765045

347603 Finguili the Cloud Mage (level 22, -34/139 (140) HPs)
             Began as a Tengu Ice Elementalist on June 16, 2020.
             Was the Champion of Vehumet.
             Killed from afar by a deep elf annihilator (59 damage)
             ... with a crystal spear
             ... on level 3 of the Elven Halls on June 17, 2020.
             The game lasted 04:12:33 (59278 turns).

Finguili the Cloud Mage (Tengu Ice Elementalist)   Turns: 59278, Time: 04:12:34

HP:   -34/139 (140) AC: 17    Str: 10    XL:     22   Next: 14%
MP:   28/55         EV: 23    Int: 24    God:    Vehumet [******]
Gold: 1706          SH:  6    Dex: 25    Spells: 1/60 levels left

rFire    . . .     SeeInvis +   a - +5 rapier of the Immovable Spirits {drain, MR+ Int+3 Dex+4 SInv}
rCold    + . .     Gourm    .   r - +0 buckler
rNeg     . . .     Faith    .   T - +0 swamp dragon scales
rPois    +         Spirit   .   (helmet restricted)
rElec    +         Reflect  .   l - +3 cloak of Plog {Regen+ MP+9}
rCorr    .         Harm     .   z - +1 pair of gloves {Dex+3}
MR       +++..                  (boots unavailable)
Stlth    ++........             P - amulet of magic regeneration
HPRegen  0.73/turn              m - ring "Mosmont" {rElec rC+ EV+4}
MPRegen  0.59/turn              S - ring of protection from magic

@: flying quickly and evasively, quick
A: beak, talons 3, able to fly
}: 2/15 runes: decaying, serpentine
a: Stop Flying, Renounce Religion


You were on level 3 of the Elven Halls.
You worshipped Vehumet.
Vehumet was exalted by your worship.
You were not hungry.

You visited 8 branches of the dungeon, and saw 39 of its levels.
You also visited: Gauntlet.

You collected 3409 gold pieces.
You spent 1703 gold pieces at shops.

Inventory:

Hand Weapons
 a - the +5 rapier of the Immovable Spirits (weapon) {drain, MR+ Int+3 Dex+4 SInv}
   (You took it off a crimson imp on level 7 of the Dungeon)

   A truly terrible weapon, it drains the life of those it strikes.
   It affects your intelligence (+3).
   It affects your dexterity (+4).
   It affects your resistance to hostile enchantments.
   It lets you see invisible.
 b - the +5 war axe "Fowevos" {holy, rF+ rN+ MR+}
   (You found it on level 11 of the Dungeon)

   It has been blessed by the Shining One to cause great damage to the undead
   and demons.
   It protects you from fire.
   It protects you from negative energy.
   It affects your resistance to hostile enchantments.
Missiles
 n - 65 stones (quivered)
Armour
 l - the +3 cloak of Plog (worn) {Regen+ MP+9}
   (You acquired it on level 1 of the Swamp)

   It affects your magic capacity (+9).
   It increases your rate of regeneration.
 r - a +0 buckler (worn)
 z - a +1 pair of gloves of dexterity (worn)
 T - +0 swamp dragon scales (worn)
Magical Staves
 w - an uncursed staff of air
Jewellery
 m - the ring "Mosmont" (left hand) {rElec rC+ EV+4}
   (You found it on level 1 of the Lair of Beasts)

   [ring of evasion]

   It affects your evasion (+4).
   It protects you from cold.
   It insulates you from electricity.
 v - the ring of Puypliup {*Tele Dex+6}
   (You took it off a deep elf high priest on level 3 of the Elven Halls)

   [ring of teleportation]

   It may teleport you next to monsters.
   It affects your dexterity (+6).
 P - an amulet of magic regeneration (around neck)
 Q - an uncursed ring of resist corrosion
 S - a ring of protection from magic (right hand)
Wands
 g - a wand of acid (30)
 D - a wand of digging (19)
 F - a wand of enslavement (14)
 G - a wand of iceblast (31)
 L - a wand of clouds (3)
 V - a wand of paralysis (29)
 W - a wand of disintegration (19)
Scrolls
 e - 2 scrolls of holy word
 j - a scroll of summoning
 u - a scroll of silence
 A - 10 scrolls of remove curse
 B - 7 scrolls of blinking
 C - 8 scrolls of fog
 E - 8 scrolls of teleportation
 J - 3 scrolls of identify
 M - 4 scrolls of enchant armour
 X - 4 scrolls of fear
 Z - 2 scrolls of torment
Potions
 d - 3 potions of brilliance
 f - 3 potions of haste
 h - 3 potions of cancellation
 i - 2 potions of magic
 k - 10 potions of heal wounds
 o - 5 potions of stabbing
 s - 8 potions of mutation
 t - 2 potions of might
 x - 6 potions of lignification
 K - 9 potions of curing
 N - a potion of ambrosia
 R - a potion of resistance
 Y - a potion of invisibility
Miscellaneous
 p - 2 boxes of beasts
Comestibles
 c - 26 rations
 q - 8 chunks of flesh


   Skills:
 - Level 15.0 Fighting
 - Level 6.0 Short Blades
 - Level 10.0 Armour
 - Level 7.0 Dodging
 - Level 3.1 Stealth
 - Level 4.0 Shields
 + Level 19.5 Spellcasting
 - Level 17.0 Conjurations
 - Level 5.0 Summonings
 - Level 6.0 Translocations
 - Level 10.0 Ice Magic
 * Level 21.1 Air Magic
 - Level 5.0 Evocations


You had one spell level left.
You knew the following spells:

 Your Spells              Type           Power        Failure   Level  Hunger
a - Chain Lightning       Conj/Air       #######...   3%          8    ######.
b - Frozen Ramparts       Ice            ######       1%          3    None
c - Summon Butterflies    Summ           #####...     1%          1    None
d - Conjure Ball Lightni  Conj/Air       #######...   1%          6    ###....
e - Lightning Bolt        Conj/Air       #######...   1%          5    None
f - Freezing Cloud        Conj/Ice/Air   #######...   1%          6    ###....
g - Swiftness             Chrm/Air       ######..     1%          2    None
h - Hailstorm             Conj/Ice       ######..     1%          4    None
i - Orb of Destruction    Conj           #######...   1%          7    #####..
j - Tornado               Air            #######...   19%         9    #######
A - Airstrike             Air            #######...   0%          4    None
G - Passage of Golubria   Tloc           N/A          3%          4    None

Your spell library contained the following spells:

 Spells                   Type           Power        Failure   Level  Hunger
 Ignition                 Fire           ###.......   100%        8    ######.
 Shatter                  Erth           ###.......   100%        9    #######
 Shock                    Conj/Air       ####         0%          1    None
 Foxfire                  Conj/Fire      ####         1%          1    None
 Freeze                   Ice            ####         1%          1    None
 Summon Small Mammal      Summ           ####         1%          1    None
 Beastly Appendage        Tmut           ###...       4%          1    None
 Infusion                 Chrm           ###.         4%          1    None
 Static Discharge         Conj/Air       #######.     0%          3    None
 Call Imp                 Summ           #####...     1%          2    None
 Poisonous Vapours        Pois/Air       ######       1%          2    None
 Shroud of Golubria       Chrm/Tloc      #####.       1%          2    None
 Call Canine Familiar     Summ           #####...     1%          3    None
 Conjure Flame            Conj/Fire      ######..     1%          3    None
 Gell's Gravitas          Tloc           ######....   1%          3    None
 Mephitic Cloud           Conj/Pois/Air  ######..     1%          3    None
 Ozocubu's Armour         Chrm/Ice       #####...     1%          3    None
 Summon Ice Beast         Ice/Summ       ######..     1%          4    None
 Summon Lightning Spire   Summ/Air       ######..     1%          4    None
 Irradiate                Conj/Tmut      ######....   1%          5    None
 Iskenderun's Battlesphe  Conj/Chrm      ######..     1%          5    None
 Ignite Poison            Fire/Tmut/Pois ###.....     3%          3    None
 Portal Projectile        Hex/Tloc       #####.       3%          3    None
 Bolt of Magma            Conj/Fire/Erth ######....   3%          5    None
 Summon Guardian Golem    Hex/Summ       #####...     4%          3    None
 Ice Form                 Ice/Tmut       #####...     5%          4    None
 Iron Shot                Conj/Erth      ######....   5%          6    ###....
 Passwall                 Tmut/Erth      ###.....     6%          2    None
 Song of Slaying          Chrm           ###.....     6%          2    None
 Sticks to Snakes         Tmut           ###.....     6%          2    None
 Sublimation of Blood     Necr           ###.......   6%          2    None
 Spellforged Servitor     Conj/Summ      ######....   11%         7    #####..
 Spectral Weapon          Hex/Chrm       ###.....     13%         3    None
 Spider Form              Tmut/Pois      ###.......   13%         3    None
 Lee's Rapid Deconstruct  Erth           ###.......   28%         5    None
 Petrify                  Tmut/Erth      ###.....     38%         4    None
 Summon Mana Viper        Hex/Summ       #####...     38%         5    None
 Dispersal                Tloc           ######....   50%         6    ###....
 Alistair's Intoxication  Tmut/Pois      ###.....     75%         5    None
 Blade Hands              Tmut           ###.......   75%         5    None
 Summon Hydra             Summ           #####.....   99%         7    #####..
 Darkness                 Hex            ###.......   100%        6    ###....
 Eringya's Noxious Bog    Tmut/Pois      ###.......   100%        6    ###....
 Invisibility             Hex            ###.....     100%        6    ###....
 Ring of Flames           Chrm/Fire      ###.......   100%        7    #####..
 Controlled Blink         Tloc           N/A          100%        8    ######.
 Disjunction              Tloc           ######....   100%        8    ######.


Dungeon Overview and Level Annotations

Branches:
Dungeon (15/15)            Temple (1/1) D:5            Lair (6/6) D:10
  Swamp (4/4) Lair:3        Snake (4/4) Lair:3        Slime (0/5) Lair:6
    Orc (2/2) D:11            Elf (3/3) Orc:2        Vaults (4/5) D:14
  Crypt (0/3) Vaults:2     Depths (0/5) D:15        Gauntlet (visited)

Altars:
Ashenzari
Cheibriados
Dithmenos
Elyvilon
Fedhas
Gozag
Hepliaklqana
Kikubaaqudgha
Makhleb
Nemelex Xobeh
Okawaru
Qazlal
Ru
Sif Muna
Trog
Uskayaw
Vehumet
Wu Jian
Xom
Yredelemnul
Zin
The Shining One
Beogh

Shops:
D:6 [   D:11 [   Orc:2 ::?=   Snake:2 (   Vaults:1 (   Vaults:3 [

Portals:
Abyss: D:14

Annotations:
D:5 Prince Ribbit
D:7 exclusion: ice beast
D:8 exclusion: two-headed ogre, Psyche
D:13 exclusion: freezing wraith
D:14 2 transporters, Wociock's ghost, journeyman DgWz
Lair:2 exclusion: oklob plant
Swamp:1 2 transporters
Swamp:2 3 runed translucent doors, Gokhumny's ghost, adept GnFi
Elf:2 5 runed translucent doors
Vaults:1 36 runed doors
Vaults:3 36 runed doors


Innate Abilities, Weirdness & Mutations

You have a beak for a mouth.
You have claws for feet.
You can fly continuously.


Message History

The air elemental is engulfed in freezing vapours.
A vortex of raging winds appears around the air elemental!
The air elemental is engulfed in freezing vapours. x3
Casting: Lightning Bolt (safe; 1% risk of failure)
Confirm with . or Enter, or press ? or * to list all spells.
Aiming: Airstrike (safe; 0% risk of failure)
Press: ? - help, Dir - move target cursor, f - air elemental
Aim: an air elemental (severely damaged)
The air twists around and violently strikes the air elemental!!
You destroy the air elemental!
Vehumet accepts your kill.
You feel your power returning.
You start resting.
A deep elf master archer comes into view.
Casting: Airstrike (safe; 0% risk of failure)
Confirm with . or Enter, or press ? or * to list all spells.
Aiming: Lightning Bolt (safe; 1% risk of failure)
Press: ? - help, Shift-Dir - straight line, f - deep elf master archer
Aim: a deep elf master archer, wearing a +0 leather armour and quivering 42 arrows (freezing vapour)
You hear a mighty clap of thunder!
The bolt of lightning hits the deep elf master archer!!
The deep elf master archer is moderately wounded.
You hear a shout! x2
A deep elf master archer comes into view.
The deep elf master archer is engulfed in freezing vapours.
The deep elf master archer wields a +0 longbow.
The deep elf master archer shoots an arrow.
The arrow hits you!
Casting: Lightning Bolt (safe; 1% risk of failure)
Confirm with . or Enter, or press ? or * to list all spells.
Aiming: Lightning Bolt (safe; 1% risk of failure)
Press: ? - help, Shift-Dir - straight line, f/p - deep elf master archer
Aim: a deep elf master archer, wielding a +0 longbow, wearing a +0 leather armour and quivering 41 arrows (freezing vapour, heavily wounded)
You hear a mighty clap of thunder!
The bolt of lightning hits the deep elf master archer!!
The deep elf master archer is almost dead.
You hear a shout!
The deep elf master archer is engulfed in freezing vapours.
The deep elf master archer wields a +0 longbow.
The deep elf master archer shoots an arrow.
The arrow hits you!!
The deep elf master archer is engulfed in freezing vapours.
The deep elf master archer shoots an arrow.
The arrow hits you!!
Casting: Lightning Bolt (safe; 1% risk of failure)
Confirm with . or Enter, or press ? or * to list all spells.
Aiming: Lightning Bolt (safe; 1% risk of failure)
Press: ? - help, Shift-Dir - straight line, f/p - deep elf master archer
Aim: a deep elf master archer, wielding a +0 longbow, wearing a +0 leather armour and quivering 40 arrows (freezing vapour, almost dead)
You hear a mighty clap of thunder!
The bolt of lightning misses the deep elf master archer.
The deep elf master archer is engulfed in freezing vapours.
You kill the deep elf master archer!
Vehumet accepts your kill.
You feel your power returning.
The deep elf master archer is engulfed in freezing vapours.
The deep elf master archer shoots an arrow.
The arrow completely misses you.
Casting: Lightning Bolt (safe; 1% risk of failure)
Confirm with . or Enter, or press ? or * to list all spells.
Aiming: Lightning Bolt (safe; 1% risk of failure)
Press: ? - help, Shift-Dir - straight line, f - deep elf master archer
Aim: a deep elf master archer, wielding a +0 longbow, wearing a +0 leather armour and quivering 38 arrows (freezing vapour, moderately wounded)
You hear a mighty clap of thunder!
The bolt of lightning hits the deep elf master archer!
The deep elf master archer is heavily wounded.
The deep elf master archer is engulfed in freezing vapours.
The deep elf master archer shoots an arrow.
The arrow hits you!!
The deep elf master archer is engulfed in freezing vapours.
The deep elf master archer shoots an arrow.
The arrow hits you!!
* * * LOW HITPOINT WARNING * * *
Casting: Lightning Bolt (safe; 1% risk of failure)
Confirm with . or Enter, or press ? or * to list all spells.
Aiming: Lightning Bolt (safe; 1% risk of failure)
Press: ? - help, Shift-Dir - straight line, f/p - deep elf master archer
Aim: a deep elf master archer, wielding a +0 longbow, wearing a +0 leather armour and quivering 36 arrows (freezing vapour, almost dead)
You hear a mighty clap of thunder!
The bolt of lightning misses the deep elf master archer.
You hear a shout! x2
A deep elf annihilator comes into view. It is wielding a +4 quarterstaff.
The deep elf master archer is engulfed in freezing vapours.
The deep elf master archer shoots an arrow.
The arrow hits you.
* * * LOW HITPOINT WARNING * * *
Casting: Lightning Bolt (safe; 1% risk of failure)
Confirm with . or Enter, or press ? or * to list all spells.
Aiming: Airstrike (safe; 0% risk of failure)
Press: ? - help, Dir - move target cursor, f/p - deep elf master archer
Aim: a deep elf master archer, wielding a +0 longbow, wearing a +0 leather armour and quivering 35 arrows (freezing vapour, almost dead)
The air twists around and strikes the deep elf master archer!!
You kill the deep elf master archer!
Vehumet accepts your kill.
The deep elf annihilator is engulfed in freezing vapours.
The deep elf annihilator gestures wildly while chanting.
The deep elf annihilator blinks!
The deep elf annihilator points at you and mumbles some strange words.
The crystal spear hits you!!!
You die...

#.ยง.# #)# #.# ##.###
#..).# # #e(..# ##
#.(..## .# ###.....###
#### #.@.......# #.<#
#....)....# ...#
#.........# '.##
#.........# #####
#.........# .)..# #####
##)#.....###
....####...###.####.###
[.).##......))## ###
###...).).).)..#


You could see a deep elf annihilator.

Vanquished Creatures
  Nikola (Vaults:3)
  2 deep elf blademasters (Elf:3)
  2 deep elf master archers (Elf:3)
  3 thorn hunters (Swamp:4)
  2 sphinxes
  2 tengu reavers
  Donald (Swamp:2)
  6 nagarajas
  4 fire giants
  A deep elf sorcerer (Vaults:1)
  8 vault wardens
  2 deep elf elementalists (Elf:3)
  11 ironheart preservers
  7 very ugly things
  An entropy weaver (Vaults:2)
  3 stone giants
  2 vampire knights
  2 deep elf demonologists (Elf:3)
  7 dire elephants
  4 deep elf annihilators
  Azrael (Snake:3)
  3 deep elf death magi (Elf:3)
  Snorg (D:13)
  A crystal guardian (Vaults:3)
  An ettin (Orc:2)
  3 deep elf high priests (Elf:3)
  9 yaktaur captains
  9 hydras
  2 rakshasas (Vaults:2)
  2 ghost crabs
  A hydra (shapeshifter) (Vaults:1)
  5 vault guards
  6 centaur warriors
  18 naga warriors
  11 anacondas
  4 shambling mangroves
  2 catoblepae
  4 death knights
  18 alligators
  19 two-headed ogres
  8 ogre magi
  9 death yaks
  A deep troll earth mage (Vaults:1)
  10 naga sharpshooters
  5 shock serpents
  14 dancing weapons
  An orc high priest (Orc:2)
  4 spriggans
  4 hell knights (Vaults:1)
  14 deep elf knights
  2 shadow wraiths
  5 skeletal warriors (Vaults:1)
  3 salamander mystics
  2 sea snakes (Snake:2)
  3 spriggan druids (Swamp:4)
  10 deep trolls
  12 naga ritualists
  A wizard (Vaults:1)
  An orange crystal statue (Lair:1)
  A glowing orange brain (Vaults:3)
  13 ironbrand convokers
  6 flayed ghosts
  7 harpies
  9 swamp dragons
  3 spectral hydras (Swamp:4)
  16 deep elf archers
  2 phantasmal warriors
  4 wolf spiders
  A ball lightning (Vaults:1)
  37 deep elf magi
  16 orc knights
  16 mana vipers
  2 orc sorcerers
  39 ugly things
  3 oklob plants (Swamp:4)
  An orb spider (shapeshifter) (D:14)
  2 manticores
  10 cyclopes
  A cyclops (shapeshifter) (Vaults:2)
  A black mamba (shapeshifter) (Vaults:2)
  10 elephants
  7 salamanders
  43 black mambas
  11 vault sentinels
  Joseph (D:7)
  33 naga magi
  6 guardian serpents
  A torpor snail (Lair:6)
  A gargoyle (D:12)
  A centaur skeleton (D:13)
  14 spiny frogs
  27 yaktaurs
  14 freezing wraiths
  A hellion (Vaults:1)
  7 komodo dragons
  2 kobold demonologists
  A tengu conjurer (D:14)
  2 ice devils (D:13)
  A rime drake (Lair:5)
  2 death drake zombies (Swamp:4)
  A jumping spider (shapeshifter) (Vaults:3)
  9 tyrant leeches
  A merfolk (D:12)
  11 trolls
  2 trolls (shapeshifter)
  A wolf spider simulacrum (D:15)
  12 hornets
  2 hydra skeletons (Swamp:4)
  A polar bear (Lair:2)
  37 slime creatures
  A meliai (shapeshifter) (D:15)
  7 hippogriffs
  10 bog bodies
  A hydra zombie (Swamp:4)
  A hippogriff (shapeshifter) (Elf:3)
  Sigmund (D:5)
  5 air elementals
  A shadow (D:14)
  2 vampires
  2 wyverns
  3 wraiths
  4 water elementals
  26 yaks
  A yak (shapeshifter) (D:13)
  6 basilisks
  A golden eye (shapeshifter) (Vaults:4)
  A hungry ghost (D:13)
  14 vampire mosquitoes
  5 fire elementals
  4 wargs
  51 nagas
  13 swamp worms
  3 insubstantial wisps (Swamp:3)
  4 acid dragons
  2 soldier ants
  3 hydra simulacra (Swamp:4)
  A soldier ant (shapeshifter) (Vaults:4)
  5 hell hounds (Snake:3)
  9 porcupines
  9 swamp drakes
  16 water moccasins
  29 orc warriors
  3 sky beasts
  A black bear (Lair:2)
  An ice beast (D:14)
  A black bear (shapeshifter) (D:14)
  7 necrophages
  An eye of draining (D:10)
  43 ogres
  6 phantoms
  33 wolves
  14 boggarts
  A centaur (shapeshifter) (Vaults:1)
  A swamp dragon skeleton (Swamp:4)
  10 centaurs
  12 crocodiles
  Blork the orc (D:5)
  18 bullfrogs
  6 big kobolds
  3 gnoll sergeants (D:6)
  5 earth elementals
  A wyvern zombie (D:7)
  A glowing shapeshifter simulacrum (Vaults:3)
  2 wyvern skeletons (D:6)
  7 scorpions
  2 troll zombies (D:11)
  12 killer bees
  8 wights
  3 vampire bats (Lair:6)
  5 electric eels
  3 howler monkeys
  8 centaur zombies
  6 crimson imps
  4 bullfrog zombies
  12 hounds
  25 orc priests
  3 bullfrog skeletons
  13 jellies
  2 gnoll shamans (D:6)
  27 orc wizards
  Jessica (D:3)
  5 iguanas
  A hell rat (D:10)
  10 worker ants
  A killer bee zombie (D:8)
  5 ogre zombies (D:11)
  A hound zombie (D:11)
  2 mummies (D:11)
  2 worker ant zombies (D:8)
  15 gnolls
  11 adders
  3 river rats
  2 shadow imps
  4 oozes
  A worm (D:3)
  3 dart slugs
  7 leopard geckos
  76 orcs
  4 giant cockroaches
  8 goblins
  9 hobgoblins
  11 jackals
  23 kobolds
  8 quokkas
  9 bats
  2 frilled lizards
  A goblin skeleton (D:11)
  2 hobgoblin skeletons (D:11)
  4 hobgoblin zombies (D:11)
  A jackal zombie (D:6)
  A leopard gecko skeleton (D:7)
  4 orc skeletons (D:11)
  13 orc zombies (D:11)
  4 rats
  2 briar patches (Swamp:4)
  A butterfly (D:4)
  2 crawling corpses (Elf:3)
  5 fungi
  3 plants
1571 creatures vanquished.

Vanquished Creatures (collateral kills)
  An ogre mage (Orc:2)
  A hydra (Swamp:2)
  A two-headed ogre (D:11)
  An orc high priest (Orc:2)
  A cyclops (D:11)
  9 ball lightnings
  A hornet (D:11)
  2 trolls
  A tyrant leech (Swamp:1)
  2 slime creatures (Swamp:2)
  A wraith (D:11)
  A yak (D:9)
  A black bear (D:8)
  An ice beast (D:8)
  A wolf (Lair:1)
  A centaur zombie (D:11)
  A crimson imp (D:11)
  2 orc wizards (D:11)
  A hell rat (D:9)
  An ogre zombie (D:11)
  3 orcs (Orc:1)
  A hobgoblin zombie (D:11)
35 creatures vanquished.

Vanquished Creatures (others)
  A wizard (D:12)
  320 ball lightnings
  3 fungi
  25 plants
  A withered plant (Gauntlet)
350 creatures vanquished.

Grand Total: 1956 creatures vanquished

Notes
Turn   | Place    | Note
-------+----------+-------------------------------------------
     0 | D:1      | Finguili the Tengu Ice Elementalist began the quest for the
                  | Orb.
     0 | D:1      | Reached XP level 1. HP: 10/10 MP: 4/4
   211 | D:1      | Reached XP level 2. HP: 15/15 MP: 4/6
   902 | D:1      | Reached XP level 3. HP: 19/19 MP: 3/7
  1112 | D:2      | Found a faded altar of an unknown god.
  1645 | D:2      | Found a glowing silver altar of Zin.
  1796 | D:2      | Reached XP level 4. HP: 18/24 MP: 5/8
  2292 | D:2      | Found a white marble altar of Elyvilon.
  2447 | D:3      | Learned a level 3 spell: Frozen Ramparts
  2677 | D:3      | Found an iron altar of Okawaru.
  2879 | D:3      | Noticed Jessica
  2920 | D:3      | Killed Jessica
  2920 | D:3      | Reached skill level 5 in Ice Magic
  3408 | D:3      | Gained mutation: You can fly continuously. [Tengu growth]
  3408 | D:3      | Reached XP level 5. HP: 24/28 MP: 6/9
  3923 | D:4      | Noticed an ogre
  4043 | D:4      | Got a masterwork ring mail
  4199 | D:4      | Found a shimmering altar of Xom.
  4517 | D:4      | Got a clouded ivory ring
  4547 | D:4      | Reached XP level 6. HP: 20/32 MP: 5/11
  4557 | D:4      | Identified the ring of Patience {Int+2 Dex+3 Stlth+} (You
                  | found it on level 4 of the Dungeon)
  5227 | D:4      | Reached XP level 7. HP: 36/36 MP: 9/14
  5453 | D:5      | Entered Level 5 of the Dungeon
  5524 | D:5      | Noticed Prince Ribbit
  5811 | D:5      | Learned a level 4 spell: Summon Ice Beast
  5991 | D:5      | Found a basalt altar of Yredelemnul.
  5991 | D:5      | Found a hazy altar of Hepliaklqana.
  5992 | D:5      | Noticed Sigmund
  5993 | D:5      | Found an opulent altar of Gozag.
  6015 | D:5      | Killed Sigmund
  6150 | D:5      | Noticed Blork the orc
  6165 | D:5      | Killed Blork the orc
  6194 | D:5      | Reached XP level 8. HP: 22/41 MP: 9/15
  6383 | D:5      | Found a staircase to the Ecumenical Temple.
  6464 | D:5      | Reached skill level 5 in Summonings
  6527 | D:6      | Found a burning altar of Makhleb.
  6617 | Temple   | Entered the Ecumenical Temple
  6657 | Temple   | Became a worshipper of Vehumet
  7899 | D:6      | Found Lyduiv's Antique Armour Shoppe.
  7934 | D:6      | Reached skill level 5 in Spellcasting
  8631 | D:6      | Reached XP level 9. HP: 45/45 MP: 13/17
  8726 | D:7      | Noticed Joseph
  8744 | D:7      | Killed Joseph
  9294 | D:7      | Reached * piety under Vehumet
  9294 | D:7      | Offered knowledge of Shock by Vehumet.
  9297 | D:7      | Learned a level 1 spell: Shock
  9417 | D:7      | Identified the +5 rapier of the Immovable Spirits {drain,
                  | MR+ Int+3 Dex+4 SInv}
 10071 | D:7      | Found a shattered altar of Ashenzari.
 10542 | D:8      | Noticed a two-headed ogre
 10696 | D:8      | You fall into a shaft and drop 2 floors!
 10696 | D:10     | Entered Level 10 of the Dungeon
 10961 | D:8      | Reached skill level 10 in Ice Magic
 11241 | D:8      | Learned a level 3 spell: Ozocubu's Armour
 11246 | D:8      | Learned a level 4 spell: Hailstorm
 11313 | D:8      | Reached skill level 1 in Conjurations
 11534 | D:8      | Noticed Psyche
 12352 | D:8      | Reached XP level 10. HP: 43/50 MP: 21/21
 12550 | D:9      | Reached skill level 5 in Conjurations
 12856 | D:8      | Reached skill level 1 in Armour
 12968 | D:8      | Offered knowledge of Searing Ray by Vehumet.
 13119 | D:9      | Reached ** piety under Vehumet
 13270 | D:9      | Found a glowing golden altar of the Shining One.
 13656 | D:9      | Reached skill level 5 in Armour
 13904 | D:10     | Noticed a death yak
 14065 | D:10     | Reached skill level 1 in Fighting
 14153 | D:10     | Offered knowledge of Conjure Flame by Vehumet.
 14212 | D:10     | Killed a death yak
 14268 | D:10     | Noticed a death yak
 14270 | D:10     | Noticed a death yak
 14287 | D:10     | Killed a death yak
 14287 | D:10     | Reached XP level 11. HP: 60/60 MP: 11/22
 14409 | D:10     | Found a staircase to the Lair.
 14912 | D:10     | Reached *** piety under Vehumet
 15186 | D:10     | Killed a death yak
 15186 | D:10     | Reached skill level 10 in Conjurations
 15681 | D:10     | Offered knowledge of Dazzling Flash by Vehumet.
 16133 | D:11     | Noticed a two-headed ogre
 16141 | D:11     | Killed a two-headed ogre
 16141 | D:11     | Reached skill level 5 in Fighting
 16168 | D:11     | Reached **** piety under Vehumet
 16175 | D:11     | Offered knowledge of Lightning Bolt by Vehumet.
 16182 | D:11     | Learned a level 5 spell: Lightning Bolt
 16285 | D:11     | Reached skill level 1 in Air Magic
 16360 | D:11     | Found a staircase to the Orcish Mines.
 16360 | D:11     | Noticed a cyclops
 16394 | Lair:1   | Entered Level 1 of the Lair of Beasts
 16471 | Lair:1   | Reached skill level 2 in Air Magic
 16537 | Lair:1   | Reached skill level 3 in Air Magic
 16540 | Lair:1   | Reached skill level 4 in Air Magic
 16560 | Lair:1   | Noticed a spriggan rider
 16565 | Lair:1   | Reached skill level 5 in Air Magic
 16829 | D:11     | Reached ***** piety under Vehumet
 16981 | D:11     | Offered knowledge of Sticky Flame by Vehumet.
 17029 | D:11     | Reached skill level 6 in Air Magic
 17130 | D:11     | Killed a cyclops
 17373 | D:11     | Noticed a manticore
 17383 | D:11     | Killed a manticore
 17383 | D:11     | Reached XP level 12. HP: 39/71 MP: 5/24
 17809 | D:11     | Got a jewelled war axe
 17840 | D:11     | Found Okiac's Antique Armour Shoppe.
 18168 | Orc:1    | Entered Level 1 of the Orcish Mines
 18924 | Orc:2    | Entered Level 2 of the Orcish Mines
 18924 | Orc:2    | Found a staircase to the Elven Halls.
 19323 | Orc:2    | Offered knowledge of Yara's Violent Unravelling by Vehumet.
 19493 | Orc:2    | Noticed a two-headed ogre
 19500 | Orc:2    | Killed a two-headed ogre
 19509 | Orc:2    | Noticed a two-headed ogre
 19520 | Orc:2    | Killed a two-headed ogre
 19660 | Orc:2    | Noticed a two-headed ogre
 19660 | Orc:2    | Noticed a two-headed ogre
 19669 | Orc:2    | Killed a two-headed ogre
 19676 | Orc:2    | Killed a two-headed ogre
 19676 | Orc:2    | Reached skill level 10 in Fighting
 20033 | Orc:2    | Noticed an ogre mage
 20047 | Orc:2    | Killed an ogre mage
 20047 | Orc:2    | Reached skill level 5 in Short Blades
 20158 | Orc:2    | Noticed a two-headed ogre
 20198 | Orc:2    | Reached XP level 13. HP: 75/83 MP: 9/26
 20586 | Orc:2    | Found Iryrph's Jewellery Shop.
 20588 | Orc:2    | Found Qun Woziss's Magic Scroll Boutique.
 20620 | Orc:2    | Noticed an ogre mage
 20620 | Orc:2    | Noticed an ettin
 20637 | Orc:2    | Killed an ogre mage
 20658 | Orc:2    | Killed an ettin
 20870 | Orc:2    | Found Kireops's Book Emporium.
 20941 | Orc:2    | Bought an uncursed amulet of magic regeneration for 360
                  | gold pieces
 20947 | Orc:2    | Found Panopoed's Book Shop.
 20971 | Orc:2    | Bought a book of Clouds for 630 gold pieces
 20978 | Orc:2    | Learned a level 6 spell: Freezing Cloud
 21028 | Orc:2    | Bought 2 scrolls of identify for 60 gold pieces
 21028 | Orc:2    | Bought a scroll of identify for 30 gold pieces
 21028 | Orc:2    | Identified the +5 war axe "Fowevos" {holy, rF+ rN+ MR+}
                  | (You found it on level 11 of the Dungeon)
 21375 | Orc:2    | Found a roughly hewn altar of Beogh.
 21651 | Orc:2    | Reached skill level 7 in Air Magic
 22383 | Lair:1   | Reached skill level 1 in Shields
 23245 | Lair:2   | Reached skill level 8 in Air Magic
 23489 | Lair:2   | Learned a level 2 spell: Swiftness
 23625 | Lair:2   | Reached skill level 9 in Air Magic
 23636 | Lair:2   | Offered knowledge of Conjure Ball Lightning by Vehumet.
 24082 | Lair:3   | Found a staircase to the Swamp.
 24217 | Lair:3   | Reached XP level 14. HP: 85/92 MP: 28/28
 24423 | Lair:3   | Found a staircase to the Snake Pit.
 24788 | Lair:3   | Reached skill level 10 in Spellcasting
 25280 | Lair:3   | Learned a level 6 spell: Conjure Ball Lightning
 27031 | Lair:6   | Entered Level 6 of the Lair of Beasts
 27112 | Lair:6   | Reached skill level 5 in Dodging
 27116 | Lair:6   | Found a staircase to the Slime Pits.
 27766 | Lair:6   | Offered knowledge of Fireball by Vehumet.
 28470 | Lair:6   | Noticed a dire elephant
 28470 | Lair:6   | Noticed a dire elephant
 28483 | Lair:6   | Noticed a dire elephant
 28483 | Lair:6   | Killed a dire elephant
 28484 | Lair:6   | Killed a dire elephant
 28498 | Lair:6   | Got a heavily runed wooden ring
 28501 | Lair:6   | Got a scorched dagger
 28503 | Lair:6   | Got a sheer robe
 28504 | Lair:6   | Identified the ring "Hesyadij" {*Slow AC+4 Dex+7} (You
                  | found it on level 6 of the Lair of Beasts)
 28592 | Lair:6   | Noticed a dire elephant
 28604 | Lair:6   | Killed a dire elephant
 28912 | Lair:6   | Killed a dire elephant
 29012 | Lair:6   | Reached XP level 15. HP: 80/96 MP: 16/32
 29761 | Lair:1   | Got a bound wooden ring
 29769 | Lair:1   | Got a pitted trident
 29776 | Lair:1   | Identified the +10 trident of Conversion {pain, Dex+8} (You
                  | found it on level 1 of the Lair of Beasts)
 29778 | Lair:1   | Got a polished spear
 29779 | Lair:1   | Identified the +3 spear "Oczapar" {vorpal, rF+} (You found
                  | it on level 1 of the Lair of Beasts)
 29780 | Lair:1   | Identified the +3 dagger of Jeafim {vorpal, rF+} (You found
                  | it on level 6 of the Lair of Beasts)
 29886 | D:11     | Identified the +1 robe of the Gate {Harm SInv} (You found
                  | it on level 6 of the Lair of Beasts)
 29988 | D:6      | Bought a shiny troll leather armour for 378 gold pieces
 30238 | D:12     | Found a gate leading to a gauntlet.
 30271 | Gauntlet | Entered a Gauntlet
 30271 | Gauntlet | Found a transporter.
 30271 | Gauntlet | Found a transporter.
 30278 | Gauntlet | Found a transporter.
 30282 | Gauntlet | Found a large runed translucent door.
 30283 | Gauntlet | Found a large runed translucent door.
 30284 | Gauntlet | Found a large runed translucent door.
 30284 | Gauntlet | Found a large runed translucent door.
 30284 | Gauntlet | Found a runed translucent door.
 30285 | Gauntlet | Found a large runed translucent door.
 30291 | Gauntlet | Found a transporter.
 30300 | Gauntlet | Found a transporter.
 30306 | Gauntlet | Found a transporter.
 30307 | Gauntlet | Found a transporter.
 30324 | Gauntlet | Found a large runed translucent door.
 30325 | Gauntlet | Found a large runed translucent door.
 30325 | Gauntlet | Found a large runed translucent door.
 30326 | Gauntlet | Found a transporter.
 30326 | Gauntlet | Found a transporter.
 30326 | Gauntlet | Found a runed translucent gate.
 30326 | Gauntlet | Found a runed translucent gate.
 30327 | Gauntlet | Found a runed translucent door.
 30327 | Gauntlet | Found a runed translucent gate.
 30328 | Gauntlet | Found a transporter.
 30339 | Gauntlet | Found a large runed translucent door.
 30339 | Gauntlet | Found a large runed translucent door.
 30340 | Gauntlet | Found a large runed translucent door.
 30341 | Gauntlet | Found a large runed translucent door.
 30351 | Gauntlet | Found a transporter.
 30365 | Gauntlet | Found a transporter.
 30401 | Gauntlet | Found a large runed translucent door.
 30401 | Gauntlet | Found a large runed translucent door.
 30402 | Gauntlet | Found a large runed translucent door.
 31081 | D:12     | Found a bloodstained altar of Trog.
 31192 | D:12     | You are sucked into a shaft and drop 2 floors!
 31736 | D:12     | Reached ****** piety under Vehumet
 31970 | D:13     | Noticed Snorg
 31982 | D:13     | Killed Snorg
 32280 | D:13     | Offered knowledge of Ozocubu's Refrigeration by Vehumet.
 32290 | D:13     | Learned a level 4 spell: Passage of Golubria
 32659 | D:14     | Reached skill level 1 in Translocations
 32971 | D:14     | Identified the +5 dire flail "Qesasiecewk" {distort, rF+++
                  | Str-5 Int+4}
 32971 | D:14     | Noticed an orc warlord
 32990 | D:14     | Noticed a cacodemon
 32990 | D:14     | Noticed Wociock's ghost (journeyman DgWz)
 32997 | D:14     | Found a transporter.
 32999 | D:14     | Found a one-way gate to the infinite horrors of the Abyss.
 33037 | D:14     | Identified the ring "Mosmont" {rElec rC+ EV+4} (You found
                  | it on level 1 of the Lair of Beasts)
 33044 | D:14     | Found a transporter.
 33045 | D:14     | Noticed a profane servitor
 33171 | D:14     | Found a gate to the Vaults.
 33497 | D:15     | Entered Level 15 of the Dungeon
 33739 | D:15     | Found a staircase to the Depths.
 34232 | Swamp:1  | Entered Level 1 of the Swamp
 34809 | Swamp:1  | Found a transporter.
 34915 | Swamp:1  | Found a transporter.
 35068 | Swamp:1  | Reached skill level 5 in Translocations
 35362 | Swamp:2  | Noticed Donald
 35445 | Swamp:2  | Reached XP level 16. HP: 84/101 MP: 21/34
 35481 | Swamp:1  | Identified a scroll of acquirement
 35489 | Swamp:1  | Got the +3 cloak of Plog {Regen+ MP+9}
 35960 | Swamp:2  | Killed Donald
 36071 | Swamp:2  | Found a runed translucent gate.
 36071 | Swamp:2  | Found a runed translucent gate.
 36071 | Swamp:2  | Found a runed translucent gate.
 36072 | Swamp:2  | Noticed Gokhumny's ghost (adept GnFi)
 36574 | Swamp:3  | Offered knowledge of Starburst by Vehumet.
 37430 | Swamp:4  | Entered Level 4 of the Swamp
 37555 | Snake:1  | Entered Level 1 of the Snake Pit
 37562 | Snake:1  | Reached skill level 15 in Spellcasting
 37793 | Snake:1  | Learned a level 7 spell: Orb of Destruction
 38797 | Snake:2  | Reached XP level 17. HP: 106/106 MP: 10/38
 38902 | Snake:2  | Offered knowledge of Chain Lightning by Vehumet.
 38966 | Snake:2  | Learned a level 8 spell: Chain Lightning
 39348 | Snake:2  | Found Usuaplad's Antique Weapon Boutique.
 39874 | Snake:3  | Offered knowledge of Shatter by Vehumet.
 39874 | Snake:3  | Offered knowledge of Tornado by Vehumet.
 39874 | Snake:3  | Offered knowledge of Ignition by Vehumet.
 40031 | Snake:3  | Noticed Azrael
 40041 | Snake:3  | Killed Azrael
 40782 | Snake:4  | Entered Level 4 of the Snake Pit
 41122 | Snake:3  | Reached skill level 10 in Air Magic
 41204 | Snake:4  | Found a blossoming altar of Fedhas.
 41236 | Snake:4  | Upgraded the game from 0.25.0-8-gfd19cd77bd to
                  | 0.25.0-9-g26727b657a
 41507 | Snake:4  | Reached XP level 18. HP: 111/116 MP: 39/40
 41559 | Snake:4  | Reached skill level 11 in Air Magic
 41933 | Snake:4  | Reached skill level 12 in Air Magic
 42190 | Snake:4  | Reached skill level 15 in Fighting
 42444 | Snake:4  | Reached skill level 13 in Air Magic
 42595 | Snake:4  | Got a serpentine rune of Zot
 42979 | Swamp:4  | Reached skill level 1 in Evocations
 43080 | Swamp:4  | Learned a level 1 spell: Summon Butterflies
 44386 | Swamp:4  | Identified the +12 great sword "Goiz" {freeze, rElec} (You
                  | found it on level 4 of the Swamp)
 44461 | Swamp:4  | Reached skill level 5 in Evocations
 44807 | Swamp:4  | Reached XP level 19. HP: 124/124 MP: 13/41
 44886 | Swamp:4  | Found a blossoming altar of Fedhas.
 44896 | Swamp:4  | Found a basalt altar of Yredelemnul.
 44995 | Swamp:4  | Got a decaying rune of Zot
 45448 | Vaults:1 | Entered Level 1 of the Vaults
 45625 | Vaults:1 | Reached skill level 15 in Conjurations
 46127 | Vaults:1 | Reached skill level 10 in Armour
 46607 | Vaults:1 | Found a huge runed gate.
 46607 | Vaults:1 | Found a huge runed gate.
 46608 | Vaults:1 | Found a huge runed gate.
 46615 | Vaults:1 | Found a huge runed gate.
 46616 | Vaults:1 | Found a huge runed gate.
 46617 | Vaults:1 | Found a huge runed gate.
 46617 | Vaults:1 | Found a huge runed gate.
 46617 | Vaults:1 | Found a huge runed gate.
 46617 | Vaults:1 | Found a huge runed gate.
 46617 | Vaults:1 | Found a huge runed gate.
 46618 | Vaults:1 | Found a huge runed gate.
 46619 | Vaults:1 | Found a huge runed gate.
 46620 | Vaults:1 | Found a huge runed gate.
 46621 | Vaults:1 | Found a huge runed gate.
 46622 | Vaults:1 | Found a huge runed gate.
 46630 | Vaults:1 | Found a huge runed gate.
 46630 | Vaults:1 | Found a huge runed gate.
 46630 | Vaults:1 | Found a huge runed gate.
 46630 | Vaults:1 | Found a huge runed gate.
 46630 | Vaults:1 | Found a huge runed gate.
 46630 | Vaults:1 | Found a huge runed gate.
 46630 | Vaults:1 | Found a huge runed gate.
 46631 | Vaults:1 | Found a huge runed gate.
 46632 | Vaults:1 | Found a huge runed gate.
 46640 | Vaults:1 | Found a huge runed gate.
 46640 | Vaults:1 | Found a huge runed gate.
 46640 | Vaults:1 | Found a huge runed gate.
 46640 | Vaults:1 | Found a huge runed gate.
 46640 | Vaults:1 | Found a huge runed gate.
 46640 | Vaults:1 | Found a huge runed gate.
 46640 | Vaults:1 | Found a huge runed gate.
 46641 | Vaults:1 | Found a huge runed gate.
 46642 | Vaults:1 | Found a huge runed gate.
 46650 | Vaults:1 | Found a huge runed gate.
 46650 | Vaults:1 | Found a huge runed gate.
 46650 | Vaults:1 | Found a huge runed gate.
 46711 | Vaults:1 | Found Faroxem's Antique Weapon Emporium.
 47002 | Vaults:1 | Reached skill level 14 in Air Magic
 48463 | Vaults:2 | Learned a level 4 spell: Airstrike
 48733 | Vaults:2 | Reached XP level 20. HP: 128/128 MP: 34/42
 48741 | Vaults:2 | Reached skill level 15 in Air Magic
 49474 | Vaults:2 | Reached skill level 16 in Air Magic
 50184 | Vaults:2 | Found a staircase to the Crypt.
 50184 | Vaults:2 | Found an ancient bone altar of Kikubaaqudgha.
 50310 | Vaults:2 | Found a basalt altar of Yredelemnul.
 50855 | Vaults:3 | Found a sacrificial altar of Ru.
 50905 | Vaults:3 | Found a huge runed gate.
 50905 | Vaults:3 | Found a huge runed gate.
 50905 | Vaults:3 | Found a huge runed gate.
 50905 | Vaults:3 | Found a huge runed gate.
 50905 | Vaults:3 | Found a huge runed gate.
 50905 | Vaults:3 | Found a huge runed gate.
 50935 | Vaults:3 | Identified the +5 long sword of Extermination {freeze, MR+}
                  | (You found it on level 3 of the Vaults)
 51000 | Vaults:3 | Reached skill level 17 in Air Magic
 51918 | Vaults:3 | Reached skill level 18 in Air Magic
 52176 | Vaults:3 | Found Zyriuneh's Antique Armour Emporium.
 52184 | Vaults:3 | Bought a twisted leather armour for 245 gold pieces
 52184 | Vaults:3 | Identified the cursed +1 leather armour of Least Resistance
                  | {rElec rN+} (You bought it in a shop on level 3 of the
                  | Vaults)
 52848 | Vaults:3 | Noticed Nikola
 52854 | Vaults:3 | Killed Nikola
 52854 | Vaults:3 | Reached XP level 21. HP: 133/133 MP: 30/44
 53008 | Vaults:3 | Found a huge runed gate.
 53008 | Vaults:3 | Found a huge runed gate.
 53009 | Vaults:3 | Found a huge runed gate.
 53009 | Vaults:3 | Found a huge runed gate.
 53015 | Vaults:3 | Found a huge runed gate.
 53015 | Vaults:3 | Found a huge runed gate.
 53015 | Vaults:3 | Found a huge runed gate.
 53015 | Vaults:3 | Found a huge runed gate.
 53015 | Vaults:3 | Found a huge runed gate.
 53015 | Vaults:3 | Found a huge runed gate.
 53018 | Vaults:3 | Found a huge runed gate.
 53019 | Vaults:3 | Found a huge runed gate.
 53020 | Vaults:3 | Found a huge runed gate.
 53028 | Vaults:3 | Found a huge runed gate.
 53028 | Vaults:3 | Found a huge runed gate.
 53028 | Vaults:3 | Found a huge runed gate.
 53028 | Vaults:3 | Found a huge runed gate.
 53028 | Vaults:3 | Found a huge runed gate.
 53028 | Vaults:3 | Found a huge runed gate.
 53028 | Vaults:3 | Found a huge runed gate.
 53029 | Vaults:3 | Found a huge runed gate.
 53030 | Vaults:3 | Found a huge runed gate.
 53038 | Vaults:3 | Found a huge runed gate.
 53038 | Vaults:3 | Found a huge runed gate.
 53038 | Vaults:3 | Found a huge runed gate.
 53038 | Vaults:3 | Found a huge runed gate.
 53038 | Vaults:3 | Found a huge runed gate.
 53038 | Vaults:3 | Found a huge runed gate.
 53038 | Vaults:3 | Found a huge runed gate.
 53039 | Vaults:3 | Found a huge runed gate.
 53612 | Vaults:4 | Reached skill level 19 in Air Magic
 55573 | Elf:1    | Entered Level 1 of the Elven Halls
 56401 | Elf:1    | Identified Vehumet's Disquisition on Attacks
 57101 | Elf:2    | Identified the +6 long sword of the Open Hand {holy, rPois}
                  | (You found it on level 2 of the Elven Halls)
 57577 | Elf:2    | Reached skill level 20 in Air Magic
 57603 | Elf:2    | Found a huge runed translucent gate.
 57603 | Elf:2    | Found a huge runed translucent gate.
 57603 | Elf:2    | Found a huge runed translucent gate.
 57606 | Elf:2    | Found a huge runed translucent gate.
 57607 | Elf:2    | Found a huge runed translucent gate.
 57874 | Elf:3    | Entered Level 3 of the Elven Halls
 58305 | Elf:3    | Identified the +9 hunting sling "Qiajear" {vorpal, +Blink
                  | rPois rC- SInv} (You found it on level 3 of the Elven
                  | Halls)
 58939 | Elf:3    | Reached XP level 22. HP: 129/139 MP: 13/46
 59055 | Elf:3    | Identified the ring of Puypliup {*Tele Dex+6}
 59191 | Elf:3    | Reached skill level 21 in Air Magic
 59222 | Elf:3    | Learned a level 9 spell: Tornado
 59278 | Elf:3    | Killed from afar by a deep elf annihilator

Illustrated notes

Levels and vault maps discovered:
D:1:      minmay_arrival_widening_spiral_wide, layout_loops_ring
D:2:      layout_loops_ring, minitemple, chequers_ecumenical_altar_grove
D:3:      layout_loops_ring, lemuel_crystal_altar, first_ration, uniq_jessica
D:4:      layout_basic, xom_butterflies, serial_rivers,
          chequers_serial_rivers_room_b, chequers_serial_rivers_large_a,
          chequers_serial_rivers_micro_d, chequers_serial_rivers_small_3
D:5:      layout_loops_cross, gammafunk_temple_overflow_forgotten,
          minmay_temple_entry_nine_rooms, uniq_ijyb, uniq_sigmund,
          uniq_prince_ribbit1, uniq_blork_the_orc
D:6:      layout_cave_pools, serial_gnoll_camp, gnoll_camp_mini_shop,
          gnoll_camp_mini_house, gnoll_camp_mini_hut, gnoll_camp_huts_basic,
          hex_medium, makhleb_heckhound_becter
D:7:      layout_loops_ring, lemuel_doored_altar, uniq_joseph
D:8:      layout_basic, uniq_psyche
D:9:      layout_irregular_city, kennysheep_mini_moat
D:10:     layout_basic, dpeg_lair_monsters
D:11:     layout_cave_pools, zombieorc2_lemuel, serial_undead, serial_undead_e,
          serial_undead_e, serial_undead_e, serial_undead_c, serial_undead_e,
          serial_undead_a, serial_undead_a, serial_undead_f, serial_shops,
          nicolae_shop_behind_doors
D:12:     layout_loops_ring, gauntlet_entry_generic, hangedman_stone_soup,
          trog_wizard
D:13:     layout_cave_pools, portal_ice_cave_demonic_guard,
          nrook_guardian_serpent_double, uniq_snorg
D:14:     layout_basic, david_vaults_2, gammafunk_ghost_abyssal_escape,
          minmay_puff
D:15:     hangedman_depths_entry_try_elsewhere_first, layout_loops_ring,
          minmay_misc_feat_plants
Temple:   cyrus_circular_temple
Lair:1:   statuecave_lemuel, layout_loops_ring, grunt_forest_large_clearings
Lair:2:   layout_cave_pods, minivault_24, minmay_lair_oklob_chamber
Lair:3:   layout_cave_pods, skrybe_swamp_entry_bodies,
          minmay_snake_entry_spellcaster, eino_small_chamber_without_monster,
          beast_lair_carwin_11, infiniplex_staircase_pool_2, grunt_megastairs_2
Lair:4:   layout_cave_pods, pond, grunt_megastairs_1
Lair:5:   layout_regular_city, disabler_island
Lair:6:   due_jungle_book, layout_long_grid, minmay_slime_entry_jelly_boxes,
          roderic_batcave
Swamp:1:  gammafunk_worm_tunnel, layout_falls_marsh, nicolae_swamp_fairy_circle
Swamp:2:  layout_falls_marsh, gammafunk_ghost_hydra_chop,
          evilmike_swamp_ruin_house_3, uniq_donald
Swamp:3:  layout_falls_marsh, hangedman_swamp_lotus
Swamp:4:  byrel_swamp_growth_death_and_undeath, layout_basic_swamp, swamp_pool1,
          lightli_tree_ring, infiniplex_staircase_pool
Snake:1:  layout_grid_maze
Snake:2:  layout_rooms, serial_shops, shop_fountains, serial_bayou_shore_a
Snake:3:  layout_concentric_octagons, uniq_azrael
Snake:4:  snake_pit, layout_cave_shapes, basic_altar
Orc:1:    layout_caves
Orc:2:    st_orc_open, layout_diamond_mine, minmay_orc_temple_c
Elf:1:    layout_gridlike, minmay_elf_annihilation, wad_floor_pattern_untrapped,
          small_statue_intersection
Elf:2:    layout_loops_corners
Elf:3:    minmay_elf_hall_not_hex, layout_geoelf_diagonals, grunt_ministairs_6
Vaults:1: vaults_not_door_vault_due, vaults_dpeg_doors, vaults_room_pools,
          ontoclasm_vaults_ring_square, nicolae_vaults_little_squares_4,
          nicolae_vaults_little_ls, vaults_room_grunt_arrival_ludios,
          ontoclasm_vaults_twist, v_misc_28, vaults_dpeg_hooks,
          vaults_room_mumra_shop_pool, grunt_vaults_diagonal,
          hangedman_vaults_corner_blocks, v_misc_14, vaults_dpeg_encased_lava,
          nicolae_vaults_sealed_display, nicolae_vaults_little_squares_2,
          layout_vaults_omnicross
Vaults:2: vaults_room_pool, nicolae_vaults_big_angled_halls, v_misc_29,
          kb_rosetta, v_rooms_4, ontoclasm_vaults_bender, v_alt_pattern_3,
          minmay_crypt_entry_necro_gods, v_misc_29, vaults_mumra_hex,
          ontoclasm_vaults_ring_small, nicolae_vaults_little_squares_2,
          vaults_room_octagon, layout_vaults_ring
Vaults:3: nicolae_vaults_lopsided_apartments, vaults_dpeg_diagonal,
          vaults_mumra_hexcomb, v_misc_12, vaults_room_pools,
          vaults_not_door_vault_mu, v_misc_16, vaults_dpeg_ring, v_rooms_2,
          ontoclasm_vaults_chip, layout_vaults_chaotic_city, basic_altar,
          serial_shops, nicolae_shop_temple_entry_statues_fountains, uniq_nikola
Vaults:4: ontoclasm_vaults_shuriken, v_misc_17, grunt_vaults_focal,
          nicolae_vaults_disjoint_gnomons, grunt_vaults_hallway_long,
          vaults_mumra_chevron_long, v_misc_3, grunt_vaults_hallway_short,
          nicolae_vaults_little_squares_6, ontoclasm_vaults_chip, v_misc_24,
          dpeg_vaults_monster_box, layout_vaults_omnigrid

Skill      XL: |  1  2  3  4  5  6  7  8  9 10 11 12 13 14 15 16 17 18 19 20 21 22 |
---------------+-------------------------------------------------------------------+-----
Ice Magic      | 4 5 6 7 8 10 | 10.0
Stealth        | 3 |  3.1
Spellcasting   | 3 4 5 6 7 8 9 12 13 16 17 18 19 | 19.5
Summonings     | 4 5 |  5.0
Conjurations   | 4 9 11 12 14 16 17 | 17.0
Armour         | 5 8 10 | 10.0
Fighting       | 3 6 10 12 14 15 | 15.0
Air Magic      | 6 9 10 13 14 18 20 21 | 21.1
Short Blades   | 5 6 |  6.0
Shields        | 4 |  4.0
Dodging        | 6 7 |  7.0
Translocations | 5 6 |  6.0
Evocations     | 5 |  5.0

Action                   |  1- 3 |  4- 6 |  7- 9 | 10-12 | 13-15 | 16-18 | 19-21 | 22-24 || total
-------------------------+-------+-------+-------+-------+-------+-------+-------+-------++-------
Melee: Unarmed           |     7 |       |       |       |       |       |       |       ||     7
       Peck              |     3 |     1 |    28 |    61 |   139 |    69 |    82 |     1 ||   384
       Kick              |     2 |     2 |    43 |    91 |   205 |    91 |   129 |       ||   563
       Dagger            |     3 |    19 |       |       |       |       |       |       ||    22
       Short sword       |       |       |    59 |       |       |       |       |       ||    59
       Rapier            |       |       |    60 |   253 |   475 |   268 |   282 |     2 ||  1340
       War axe           |       |       |       |       |     6 |       |       |       ||     6
Throw: Stone             |    24 |    51 |    73 |    90 |   147 |    10 |       |       ||   395
 Cast: Freeze            |    44 |    66 |   140 |   113 |    97 |     9 |       |       ||   469
       Frozen Ramparts   |       |     4 |    12 |    57 |   140 |    46 |    50 |     1 ||   310
       Summon Ice Beast  |       |       |     2 |    18 |     8 |     1 |       |       ||    29
       Hailstorm         |       |       |       |   122 |   188 |    27 |       |       ||   337
       Ozocubu's Armour  |       |       |       |     4 |     6 |     1 |       |       ||    11
       Shock             |       |       |       |     3 |       |       |       |       ||     3
       Lightning Bolt    |       |       |       |     2 |    80 |   324 |   460 |    19 ||   885
       Freezing Cloud    |       |       |       |       |     6 |    24 |    69 |     7 ||   106
       Conjure Ball Ligh |       |       |       |       |    19 |    92 |    31 |       ||   142
       Orb of Destructio |       |       |       |       |       |    79 |    73 |       ||   152
       Airstrike         |       |       |       |       |       |       |   105 |     4 ||   109
       Chain Lightning   |       |       |       |       |       |       |     1 |     3 ||     4
 Abil: Fly               |       |       |     1 |       |       |       |       |       ||     1
Evoke: Wand              |       |       |       |       |     5 |     6 |     3 |     2 ||    16
       Box of beasts     |       |       |       |       |       |       |     1 |       ||     1
  Use: Scroll            |       |     7 |    11 |     1 |    17 |    15 |    11 |       ||    62
       Potion            |       |       |     3 |       |     1 |       |       |       ||     4
 Stab: Sleeping          |     3 |       |       |       |     2 |     1 |     1 |       ||     7
       Distracted        |       |       |       |     1 |       |       |       |       ||     1
  Eat: Chunk             |     2 |     9 |    22 |    31 |    41 |    33 |    55 |     4 ||   197
       Ration            |       |     1 |       |     1 |     6 |    13 |     5 |       ||    26
Armor: Robe              |     5 |     5 |    27 |       |       |       |       |       ||    37
       Troll leather arm |       |       |       |    77 |   126 |    91 |       |       ||   294
       Swamp dragon scal |       |       |       |       |       |     6 |    92 |     3 ||   101
Dodge: Dodged            |    23 |    53 |   205 |   383 |   475 |   498 |   328 |     9 ||  1974
Block: Buckler           |       |       |       |       |   161 |   166 |   115 |     4 ||   446
